 Dungeon Crawl Stone Soup version 0.30.1-9-gdf580d7c3d (webtiles) character file.

Game seed: 1052318512569919563

4 pop123321pop the Caller (level 1, -1/16 HPs)
             Began as an Ogre Summoner on Sept 30, 2023.
             Slain by a kobold
             ... wielding a +0 whip
              (3 damage)
             ... on level 1 of the Dungeon.
             The game lasted 00:00:23 (151 turns).

pop123321pop the Caller (Ogre Summoner)              Turns: 151, Time: 00:00:24

Health: -1/16      AC:  3    Str: 11    XL:     1   Next: 70%
Magic:  1/4        EV:  9    Int: 16    God:
Gold:   4          SH:  0    Dex:  9    Spells: 4/5 levels left

rFire   . . .        (no weapon)
rCold   . . .        (no shield)
rNeg    . . .        a - +0 robe
rPois   .            (helmet restricted)
rElec   .            (no cloak)
rCorr   .            (gloves unavailable)
SInv    .            (boots unavailable)
Will    .....        (no amulet)
Stlth   +            (no ring)
HPRegen 0.22/turn    (no ring)
MPRegen 0.09/turn

%: no passive effects
@: no status effects
A: large, unfitting armour, tough skin 1
a: no special abilities


You were on level 1 of the Dungeon.
You visited 1 branch of the dungeon, and saw 1 of its levels.

You collected 4 gold pieces.

Inventory:

Armour
 a - a +0 robe (worn)
Scrolls
 c - a scroll of torment {unknown}
Potions
 b - a potion of magic


   Skills:
 + Level 1.9 Dodging
 + Level 1.5 Stealth
 + Level 2.5 Spellcasting
 + Level 3.6 Summonings


You had 4 spell levels left.
You knew the following spells:

 Your Spells              Type           Power      Damage    Failure   Level
a - Summon Small Mammal   Summ           52%        N/A       4%          1

Your spell library contained the following spells:

 Spells                   Type           Power      Damage    Failure   Level
 Call Imp                 Summ           26%        N/A       7%          2
 Call Canine Familiar     Summ           13%        N/A       13%         3
 Summon Guardian Golem    Hex/Summ       7%         N/A       28%         3
 Summon Lightning Spire   Summ/Air       7%         N/A       67%         4


Dungeon Overview and Level Annotations

Branches:
Dungeon (1/15)

Altars:


Innate Abilities, Weirdness & Mutations

You are too large for most types of armour.
You have tough skin. (AC +1)


Message History

The stone hits your bat. The kobold hits you with a +0 whip.
The rat bites you but does no damage.
You hit the rat but do no damage.
The rat is moderately wounded.
The kobold hits you with a +0 whip.
Your bat hits the kobold but does no damage.
The rat completely misses you.
You hit the rat.
You kill the rat!
Your bat closely misses the kobold.
Your bat barely misses the kobold.
Your bat hits the kobold. x2; The kobold closely misses you.
Your bat hits the kobold but does no damage.
Your bat barely misses the kobold.
Your bat hits the kobold. The kobold closely misses your bat.
Your bat hits the kobold but does no damage.
The kobold hits you but does no damage.
You see here a rat corpse.
Your bat hits the kobold.
The kobold dies!
Your bat hits the kobold but does no damage.
The kobold hits you with a +0 whip. The kobold attacks as you move away!
The kobold hits you with a +0 whip.
Your bat hits the kobold. You hit the kobold but do no damage.
The kobold is moderately wounded.
Your bat barely misses the kobold.
The kobold closely misses you.
You barely miss the kobold. Your bat hits the kobold.
Your bat hits the kobold but does no damage.
The kobold hits you with a +0 whip.
You barely miss the kobold.
The kobold is moderately wounded.
Your bat misses the kobold.
Your bat closely misses the kobold. x2
The kobold hits you with a +0 whip.
* * * LOW HITPOINT WARNING * * *
You hit the kobold.
The kobold is severely wounded.
Your bat hits the kobold but does no damage.
Your bat misses the kobold.
Your bat barely misses the kobold.
The kobold hits you with a +0 whip.
You die...

.....###
#.# #
######
#.####.#
#.#...
#†#.####.#
#..).....#
###.#######
#.bb.......
#.#K#######
#..@# #####


You could see a kobold (ally target) and 2 friendly bats.

Vanquished Creatures
  A bat (D:1)
  A rat (D:1)
2 creatures vanquished.

Vanquished Creatures (collateral kills)
  A kobold (D:1)
  2 rats (D:1)
3 creatures vanquished.

Grand Total: 5 creatures vanquished

Notes
Turn   | Place    | Note
-------+----------+-------------------------------------------
     0 | D:1      | pop123321pop the Ogre Summoner began the quest for the Orb.
     0 | D:1      | Reached XP level 1. HP: 16/16 MP: 3/3
   151 | D:1      | Slain by a kobold

Illustrated notes

Levels and vault maps discovered:
D:1:      minmay_arrival_loop, layout_basic, serial_shops,
          nicolae_book_shop_shelving

Action                     || total
---------------------------++-------
  Melee: Unarmed           ||    27
   Cast: Summon Small Mamm ||    10
 Armour: Robe              ||    25
  Dodge: Dodged            ||    29
